 Dungeon Crawl Stone Soup version 0.18.1-8-gdd0e5ea (webtiles) character file.

90 incide the Chopper (level 4, -1/35 HPs)
             Began as a Formicid Fighter on June 2, 2016.
             Slain by a gnoll (7 damage)
             ... on level 2 of the Dungeon.
             The game lasted 00:02:36 (1261 turns).

incide the Chopper (Formicid Fighter)               Turns: 1261, Time: 00:02:37

Health: -1/35      AC:  6    Str: 22    XL:     4   Next: 85%
Magic:  4/4        EV:  8    Int:  7    God:
Gold:   57         SH:  9    Dex: 10    Spells: 0 memorised, 3 levels left

rFire  . . .     SeeInvis +     a - +0 war axe
rCold  . . .     Gourm    .     b - +0 scale mail
rNeg   . . .     Faith    .     c - +0 shield
rPois  .         Spirit   .     (helmet unavailable)
rElec  .         Dismiss  .     (no cloak)
rCorr  .         Reflect  .     (no gloves)
SustAt .         Harm     .     (no boots)
MR     .....                    (no amulet)
Stlth  ..........               (no ring)
                                (no ring)

@: not resistant to hostile enchantments, extremely unstealthy
A: permanent stasis, dig shafts and tunnels, four strong arms, antennae 3
a: Dig, Shaft Self


You were on level 2 of the Dungeon.
You were hungry.

You visited 1 branch of the dungeon, and saw 2 of its levels.

You collected 57 gold pieces.

Inventory:

Hand Weapons
 a - a +0 war axe (weapon)
Missiles
 m - 6 tomahawks (quivered)
Armour
 b - a +0 scale mail (worn)
 c - a +0 shield (worn)
Scrolls
 e - a scroll of random uselessness {unknown}
 i - 2 scrolls of remove curse {unknown}
 j - 2 scrolls of immolation {unknown}
 k - a scroll of enchant armour {unknown}
 n - a scroll of fear {unknown}
 o - a scroll of teleportation {unknown}
 q - 2 scrolls of enchant weapon {unknown}
Potions
 d - 3 potions of might
 h - a potion of lignification {unknown}
 l - a potion of heal wounds {unknown}
 p - a potion of curing {unknown}
Comestibles
 f - a bread ration
 g - 2 meat rations


   Skills:
 - Level 3.2 Fighting
 + Level 4.6 Axes
 - Level 3.2 Armour
 - Level 3.6 Shields


You had 3 spell levels left.
You didn't know any spells.

Dungeon Overview and Level Annotations

Branches:
Dungeon (2/15)

Altars:


Innate Abilities, Weirdness & Mutations

You are under a permanent stasis effect.
You can dig through walls and to a lower floor.
Your four strong arms can wield two-handed weapons with a shield.
You have a pair of large antennae on your head (SInv).


Message History

You are too injured to fight recklessly!
You are too injured to fight recklessly!
You are too injured to fight recklessly!
You hit the gnoll.
The gnoll is almost dead.
The gnoll hits you.
You completely miss the gnoll.
The gnoll is almost dead.
You block the gnoll's attack.
You closely miss the gnoll.
The gnoll is almost dead.
You block the gnoll's attack. The gnoll hits you but does no damage.
You barely miss the gnoll.
The gnoll is almost dead.
The gnoll hits you.
* * * LOW HITPOINT WARNING * * *
You hit the gnoll but do no damage.
The gnoll is almost dead.
The gnoll hits you!
You die...

### #@## ########g######### ####
#######.......##.......####...
####.....).......##.......##.....
..##'#..........g)........##.....
................g....#...........
.<........#....##....##......(...
.......#+##....##....##.......###
.......#.##....##....##.......#


You could see a gnoll.

Vanquished Creatures
  3 gnolls (D:2)
  An adder (D:2)
  An ooze (D:1)
  2 dart slugs
  2 giant geckos (D:2)
  11 bats
  3 giant cockroaches
  A goblin (D:2)
  3 hobgoblins (D:1)
  4 jackals (D:2)
  4 kobolds (D:1)
  A quokka (D:2)
  A ball python (D:2)
  6 rats
43 creatures vanquished.

Notes
Turn   | Place    | Note
--------------------------------------------------------------
     0 | D:1      | incide the Formicid Fighter began the quest for the Orb.
     0 | D:1      | Reached XP level 1. HP: 18/18 MP: 1/1
    47 | D:1      | Reached XP level 2. HP: 23/24 MP: 2/2
   279 | D:1      | Reached skill level 3 in Axes
   543 | D:1      | Reached XP level 3. HP: 29/29 MP: 3/3
   996 | D:2      | Reached skill level 4 in Axes
   996 | D:2      | Reached XP level 4. HP: 25/35 MP: 4/4
  1260 | D:2      | HP: 6/35 [gnoll (6)]
  1261 | D:2      | Slain by a gnoll

Skill      XL: |  1  2  3 |
---------------+----------+-----
Axes           | 3 4 |  4.6
Fighting       | |  3.2
Armour         | |  3.2
Shields        | |  3.6

Action                   |  1- 3 |  4- 6 || total
-------------------------+-------+-------++-------
Melee: War axe           |   105 |    36 ||   141
 Abil: Dig               |       |     2 ||     2
  Eat: Chunk             |       |     1 ||     1
Armor: Scale mail        |    58 |    26 ||    84
Dodge: Dodged            |    53 |     9 ||    62
Block: Shield            |    69 |    32 ||   101
